Map: Prion Terraces

Players

Grumm - Winner!

  • Race: Protoss Protoss
  • League: Gold

DARKmouse

  • Race: Terran Terran
  • League: Gold

VOD

Have the link to the VOD?

Description

Time

  • Played on: Jan. 29, 2016, 6:20 p.m.
  • Length: 18:41
Show
View Real Time Build Order
Export as new Build Order

Grumm Protoss - Winner!

Build Orders: 1 Gate Expand, Oracle Opening 

Get SALT Encoding   

  12  0:01  Probe (Chrono Boost)  
  13  0:12  Probe (Chrono Boost)  
  14  0:20  Pylon  
  14  0:23  Probe (Chrono Boost)  
  15  0:39  Gateway, Probe (Chrono Boost)  
  16  0:49  Probe (Chrono Boost)  
  17  0:51  Assimilator  
  17  1:02  Probe (Chrono Boost)  
  18  1:22  Nexus  
  18  1:35  Cybernetics Core  
  18  1:36  Probe (Chrono Boost)  
  19  1:47  Probe (Chrono Boost)  
  19  1:48  Zealot  
  22  1:58  Probe (Chrono Boost)  
  22  1:59  Assimilator  
  23  2:08  Pylon  
  22  2:16  Stargate  
  22  2:26  Probe (Chrono Boost)  
  22  2:28  Adept  
  23  2:36  Probe (Chrono Boost)  
  26  2:42  Warp Gate (Chrono Boost)  
  26  2:47  Probe x2  
  28  2:59  Probe  
  29  3:06  Probe  
  29  3:07  Oracle  
  29  3:11  Probe  
  34  3:16  Forge  
  34  3:18  Probe  
  35  3:28  Gateway  
  33  3:43  Probe x2, Stalker  
  37  3:54  Photon Cannon  
  38  3:55  Probe  
  38  3:57  Photon Cannon  
  36  4:07  Void Ray  
  40  4:19  Probe x2  
  39  4:27  Protoss Ground Armor Level 1 (Chrono Boost)  
  39  4:28  Assimilator  
  39  4:30  Pylon  
  39  4:31  Probe x2  
  41  4:32  Sentry  
  41  4:36  Adept  
  45  4:44  Pylon, Probe  
  46  4:48  Probe  
  46  4:52  Pylon  
  47  4:55  Zealot  
  47  4:57  Zealot  
  47  4:59  Probe  
  52  5:01  Probe  
  53  5:12  Robotics Facility  
  53  5:13  Pylon  
  53  5:15  Assimilator  
  53  5:16  Probe  
  53  5:20  Adept  
  56  5:23  Stalker  
  56  5:27  Void Ray  
  62  5:38  Photon Cannon  
  62  5:42  Photon Cannon  
  62  6:00  Robotics Bay  
  62  6:24  Stalker x2  
  66  6:25  Probe  
  67  6:38  Pylon  
  67  6:41  Photon Cannon  
  67  6:47  Pylon  
  67  6:51  Mothership Core  
  69  6:54  Photon Cannon  
  69  6:55  Probe  
  69  6:56  Photon Cannon  
  69  7:00  Gateway  
  70  7:01  Gateway  
  70  7:03  Pylon, Gateway  
  70  7:07  Probe  
  75  7:11  Colossus  
  75  7:12  Probe  
  78  7:27  Gateway  
  78  7:29  Gateway  
  74  7:58  Void Ray  
  74  8:03  Pylon  
  78  8:06  Nexus, Protoss Ground Weapons Level 1 (Chrono Boost)  
  78  8:43  Photon Cannon  
  78  8:46  Stalker x2, Gateway  
  82  8:51  Void Ray  
  82  8:53  Twilight Council  
  82  8:57  Colossus, Photon Cannon  
  92  9:04  Photon Cannon  
  92  9:07  Pylon  
  92  9:12  Pylon  
  92  9:15  Zealot x5  
  92  9:17  Stalker x2  
  106  9:25  Probe  
  106  9:26  Probe x2  
  106  9:28  Assimilator  
  106  9:30  Assimilator  
  109  9:32  Extended Thermal Lance  
  109  9:55  Stalker  
  109  9:56  Stalker x2  
  115  10:02  Observer  
  116  10:10  Robotics Facility  
  116  10:11  Pylon  
  116  10:17  Pylon  
  116  10:20  Photon Cannon  
  116  10:34  Void Ray, Protoss Ground Armor Level 2 (Chrono Boost)  
  116  10:36  Immortal (Chrono Boost)  
  124  10:47  Photon Cannon  
  123  11:01  Forge  
  123  11:10  Pylon  
  123  11:13  Observer (Chrono Boost), Pylon  
  130  11:28  Pylon  
  130  11:31  Colossus x2 (Chrono Boost)  
  136  11:36  Pylon  
  136  11:51  Probe  
  136  11:52  Probe x2  
  139  11:54  Nexus  
  139  11:56  Pylon  
  139  12:08  Protoss Shields Level 1  
  77  12:30  Stalker x6  
  87  12:50  Stalker x2  
  85  12:54  Zealot x3  
  77  13:26  Zealot x2  
  77  13:27  Zealot x6  
  85  13:46  Immortal (Chrono Boost)  
  85  13:48  Probe  
  77  13:49  Probe x2  
  80  13:56  Stalker x3  
  68  14:19  Void Ray  
  68  14:21  Colossus (Chrono Boost)  
  78  14:28  Probe x2  
  78  14:29  Probe x2  
  78  14:30  Immortal (Chrono Boost)  
  82  14:36  Dark Shrine  
  82  14:40  Templar Archives  
  82  14:43  Assimilator  
  82  14:55  Stalker  
  90  15:10  Gateway  
  90  15:14  Colossus (Chrono Boost)  
  90  15:17  High Templar x2  
  90  15:19  High Templar x5  
  90  15:20  High Templar  
  106  15:22  Archon  
  106  15:23  Archon x3  
  106  15:40  Colossus (Chrono Boost)  
  106  15:41  Void Ray  
  116  15:52  Dark Templar x3  
  116  15:53  Dark Templar  
  116  15:56  Stalker  
  126  16:02  Photon Cannon  
  132  16:07  Colossus (Chrono Boost), Zealot x3  
  138  16:24  Pylon  
  138  16:30  Assimilator  
  138  16:42  Nexus, Zealot x2  
  138  16:43  Stalker  
  138  16:44  Stalker x2  
  138  16:45  Pylon  
  148  16:47  High Templar x2  
  122  17:32  Archon  
  100  18:13  Dark Templar x6  
  100  18:14  Dark Templar x3  
Show
View Real Time Build Order
Export as new Build Order

DARKmouse Terran 

Build Orders: MMM Bio 

Get SALT Encoding   

  12  0:02  SCV  
  13  0:14  SCV  
  14  0:20  Supply Depot  
  14  0:26  SCV  
  15  0:28  Refinery  
  15  0:42  SCV  
  16  0:51  Barracks  
  16  0:54  SCV  
  17  1:06  SCV  
  18  1:18  SCV  
  19  1:31  SCV  
  20  1:42  Command Center  
  20  1:43  Marine  
  21  1:50  Supply Depot  
  21  1:54  Orbital Command  
  21  2:11  Barracks Reactor  
  21  2:17  Refinery  
  21  2:23  Engineering Bay  
  21  2:25  SCV  
  22  2:33  Factory  
  23  2:37  SCV  
  23  2:48  Marine x2  
  23  2:49  SCV  
  26  2:54  Orbital Command  
  26  2:58  Missile Turret  
  26  3:01  SCV  
  27  3:05  Marine  
  27  3:06  Marine  
  29  3:16  SCV  
  29  3:18  Supply Depot  
  30  3:27  Factory Tech Lab  
  30  3:36  Orbital Command, Marine x2  
  30  3:37  Bunker  
  31  3:45  Barracks  
  31  3:50  Starport  
  31  4:01  Marine x2  
  35  4:02  Siege Tank  
  35  4:05  SCV  
  35  4:09  SCV  
  36  4:17  SCV  
  36  4:21  SCV  
  38  4:29  Bunker, SCV, Medivac  
  41  4:35  Supply Depot, Siege Tank  
  41  4:36  SCV  
  45  4:45  Marine x2  
  46  4:46  Barracks Tech Lab  
  46  4:48  Terran Infantry Weapons Level 1  
  47  4:56  Missile Turret  
  47  5:00  Missile Turret  
  47  5:04  Starport Reactor  
  47  5:17  Marauder  
  47  5:18  Marine x2  
  51  5:22  Supply Depot  
  51  5:24  SCV x2  
  53  5:28  Missile Turret  
  53  5:36  Marine, SCV  
  53  5:37  SCV  
  53  5:42  Marine x2  
  58  5:44  Supply Depot  
  58  5:45  Medivac x2  
  58  5:48  SCV  
  58  5:49  SCV  
  64  5:54  Marine  
  65  6:00  Marine x2  
  65  6:01  SCV  
  65  6:03  Barracks  
  62  6:28  Marine x2  
  62  6:29  Marine  
  62  6:32  Stimpack  
  65  6:39  SCV x2  
  67  6:42  Refinery  
  67  6:44  Refinery  
  69  6:47  Marauder  
  69  6:50  Medivac  
  69  6:51  Missile Turret, SCV x2  
  73  6:56  Supply Depot  
  73  6:57  Supply Depot  
  73  6:58  Supply Depot  
  73  7:00  Supply Depot  
  73  7:01  Supply Depot  
  73  7:06  Command Center  
  73  7:08  Marauder, SCV x2  
  77  7:12  Missile Turret  
  77  7:15  Barracks Reactor  
  77  7:20  SCV  
  78  7:27  Barracks  
  78  7:28  Barracks  
  78  7:29  Marine x2  
  82  7:30  Marauder  
  82  7:34  Missile Turret  
  82  7:39  Terran Infantry Armor Level 1  
  82  7:43  Armory  
  82  7:47  Marine x2  
  83  8:32  Liberator x2  
  81  8:39  Barracks Reactor  
  79  8:48  Barracks  
  79  8:54  Marine x3  
  79  8:55  Marine x2  
  90  9:08  Missile Turret  
  90  9:09  Terran Vehicle Weapons Level 1  
  90  9:10  Missile Turret  
  90  9:11  Missile Turret x2  
  90  9:12  Missile Turret x2  
  90  9:13  Missile Turret  
  90  9:14  Thor  
  90  9:15  Engineering Bay  
  96  9:18  Orbital Command  
  96  9:20  SCV x2  
  98  9:32  Missile Turret, SCV x2  
  98  9:33  Missile Turret  
  98  9:34  Marine  
  98  9:35  Missile Turret, Marine x7  
  108  9:39  Terran Infantry Armor Level 2  
  108  9:42  Terran Infantry Weapons Level 2  
  108  9:43  Liberator x2  
  108  9:50  Sensor Tower  
  108  9:52  Marine x2  
  109  9:53  Marine  
  109  9:57  Barracks Reactor  
  111  10:01  Sensor Tower  
  117  10:15  Combat Shields  
  117  10:35  Missile Turret  
  117  10:36  Thor  
  117  10:40  Marine x8  
  117  10:41  Marine  
  132  10:56  Missile Turret  
  132  10:57  Marine  
  133  11:10  Command Center  
  133  11:14  Marine  
  133  11:18  Missile Turret  
  133  11:29  SCV x3  
  133  11:31  Thor  
  142  11:34  Supply Depot  
  142  11:36  Supply Depot  
  142  11:37  Supply Depot  
  142  11:39  Concussive Shells  
  142  11:41  SCV x3  
  145  11:53  SCV  
  146  12:00  Starport  
  146  12:05  SCV  
  147  12:11  Marine x4  
  147  12:12  Marine x5  
  147  12:13  Thor  
  122  12:29  Marine x2  
  120  12:32  Marine  
  120  12:33  Marine x6  
  123  12:46  Marine  
  123  12:47  Marine  
  123  12:50  Marine x2  
  123  12:51  Marine x3  
  112  12:56  Starport Tech Lab  
  112  12:59  Viking x2  
  65  13:29  Viking x2  
  66  13:36  SCV x2  
  66  13:37  SCV  
  69  13:41  Viking  
  65  13:48  SCV x2  
  65  13:49  SCV  
  65  13:52  Marine x5  
  65  13:53  Marine x3  
  76  13:59  Viking  
  76  14:00  SCV x2  
  76  14:01  SCV  
  81  14:09  Marine  
  81  14:10  Marine x4  
  80  14:23  Factory  
  79  14:36  SCV x3  
  82  14:42  Planetary Fortress  
  82  14:52  Viking  
  84  14:54  Viking  
  86  15:06  SCV x2  
  86  15:07  SCV  
  89  15:08  Supply Depot  
  89  15:13  Refinery  
  89  15:17  Refinery  
  89  15:18  SCV  
  89  15:19  SCV x2  
  92  15:24  Sensor Tower, Factory Reactor  
  92  15:25  Thor  
  98  15:30  Raven, SCV  
  98  15:31  SCV x2  
  103  15:42  Sensor Tower  
  103  15:43  SCV x2  
  103  15:44  Refinery  
  105  15:50  Terran Infantry Weapons Level 3, Terran Infantry Armor Level 3  
  105  15:51  Terran Vehicle Weapons Level 2  
  105  16:02  Hellbat x2  
  109  16:07  Refinery  
  109  16:20  Command Center  
  109  16:21  Raven  
  109  16:23  Hellbat  
  109  16:24  Thor, Hellbat  
  121  16:34  Missile Turret  
  121  16:37  Missile Turret x2  
  121  16:39  Missile Turret  
  121  16:40  Missile Turret  
  121  16:45  Hellbat x2  
  125  16:55  Viking  
  125  16:56  Viking  
  129  17:06  Hellbat x2  
  129  17:07  Thor  
  133  17:25  Viking  
  115  17:35  Marine x9  
  67  17:52  Marine  
  67  17:53  Marine x8  
  67  17:54  Thor  
  48  18:10  Marine  
  48  18:11  Marine x6  
  48  18:12  Hellbat  
  53  18:13  Hellbat  
Tags
 
Add a new tag
Caveats
  • Supply blocks, unpowered buildings, or Contaminate may cause inaccurate times.
  • Supply counts are checked every 10 seconds.